 Dungeon Crawl Stone Soup version 0.20.1-1-g8b1a95d (webtiles) character file.

9897 vineage the Carver (level 11, -7/66 HPs)
             Began as a Gargoyle Fighter on Oct 7, 2017.
             Was a High Priest of Okawaru.
             Mangled by an 11-headed hydra (10 damage)
             ... on level 1 of the Lair of Beasts.
             The game lasted 00:21:47 (10135 turns).

vineage the Carver (Gargoyle Fighter)              Turns: 10135, Time: 00:21:48

Health: -7/66      AC: 29    Str: 28    XL:     11   Next: 53%
Magic:  0/11       EV: 10    Int:  8    God:    Okawaru [*****.]
Gold:   842        SH: 13    Dex: 16    Spells: 10/10 levels left

rFire    + . .     SeeInvis .   G - +2 falchion (holy)
rCold    . . .     Gourm    .   c - +1 shield
rNeg     + . .     Faith    .   M - +8 scale mail of Gattifis {Dex+2}
rPois    ∞         Spirit   +   p - +0 helmet
rElec    +         Reflect  .   (no cloak)
rCorr    .         Harm     .   t - +0 pair of gloves
MR       .....     Clarity  +   o - +0 pair of boots of Curiosity {rF+ Str+3 Dex+4}
Stlth    ..........             y - amulet of guardian spirit
Regen    0.3/turn               k - +1 ring of protection
MPRegen  0.2/turn               e - +2 ring of evasion

@: berserk cooldown, slowed, very slow
A: molten scales 1, clarity, negative energy resistance 1, sense surroundings 1,
electricity resistance, strong 1, unbreathing, petrification resistance, rot
immunity, MP-powered wands, AC +7
a: Heroism, Finesse, Renounce Religion


You were on level 1 of the Lair of Beasts.
You worshipped Okawaru.
Okawaru was extremely pleased with you.
You were not hungry.

You visited 2 branches of the dungeon, and saw 11 of its levels.
You also visited: Bailey.

You collected 1058 gold pieces.
You spent 216 gold pieces at shops.

Inventory:

Hand Weapons
 a - a +1 long sword of protection
 G - a +2 falchion of holy wrath (weapon)
Missiles
 C - 5 javelins of returning (quivered)
Armour
 b - a +0 scale mail
 c - a +1 shield (worn)
 o - the +0 pair of boots of Curiosity (worn) {rF+ Str+3 Dex+4}
   (You found it on level 4 of the Dungeon)

   It affects your strength (+3).
   It affects your dexterity (+4).
   It protects you from fire.
 p - a +0 helmet (worn)
 s - a +0 plate armour
 t - a +0 pair of gloves (worn)
 B - the +2 ring mail "Diebb" {rF- Dex+4 Slay+4}
   (You bought it in a shop on level 6 of the Dungeon)

   It affects your dexterity (+4).
   It affects your accuracy and damage with ranged weapons and melee attacks
   (+4).
   It makes you vulnerable to fire.
 M - the +8 scale mail of Gattifis (worn) {Dex+2}
   (You took it off a gnoll sergeant in a bailey)

   It affects your dexterity (+2).
Jewellery
 d - an uncursed ring of protection from magic {unknown}
 e - a +2 ring of evasion (right hand)
 k - a +1 ring of protection (left hand)
 n - a +6 ring of protection
 y - an amulet of guardian spirit (around neck)
 R - a +3 ring of strength {unknown}
 S - an uncursed ring of magical power {unknown}
Wands
 v - a wand of iceblast (10/15)
 w - a wand of confusion (31/48)
 z - a wand of enslavement (13/24)
 H - a wand of confusion (33/48)
 J - a wand of polymorph (21/24)
 K - a wand of iceblast (1/15)
 L - a wand of polymorph (11/24)
Scrolls
 E - 3 scrolls of remove curse
 O - a scroll of amnesia
 Q - a scroll of enchant armour
Potions
 j - a potion of agility
 r - 2 potions of might
 u - a potion of mutation
 x - a potion of berserk rage
 A - a potion of lignification {unknown}
 F - 2 potions of cancellation
Books
 h - a book of Callings

   Spells                             Type                      Level
   a - Summon Small Mammal            Summoning                    1
   b - Call Imp                       Summoning                    2
   c - Call Canine Familiar           Summoning                    3
   d - Summon Guardian Golem          Hexes/Summoning              3
   e - Summon Lightning Spire         Summoning/Air                4
   f - Summon Ice Beast               Ice/Summoning                4
Comestibles
 f - 8 bread rations
 g - 7 royal jellies
 m - 16 fruits
 q - 5 meat rations


   Skills:
 + Level 6.9 Fighting
 + Level 13.0 Long Blades
 + Level 6.2 Armour
 + Level 8.7 Shields


You had 10 spell levels left.
You didn't know any spells.

Dungeon Overview and Level Annotations

Branches:
Dungeon (9/15)             Temple (0/1) D:6            Lair (2/6) D:8
  Swamp (0/4) Lair:2          Orc (0/2) D:9
  Snake: Lair:2-4    Spider: Lair:2-4

Altars:
Dithmenos
Kikubaaqudgha
Makhleb
Nemelex Xobeh
Okawaru
Sif Muna
Vehumet
The Shining One

Shops:
D:6 [


Innate Abilities, Weirdness & Mutations

You are resistant to torment.
Your stone body is resilient. (AC +7)
You are immune to poison.
You resist negative energy. (rN+)
You are resistant to electric shocks. (rElec)
You can survive without breathing.
You are immune to petrification.
You are immune to rotting.
You are partially covered in molten scales. (AC +2)
You possess an exceptional clarity of mind.
You passively map a small area around you.
Your muscles are strong. (Str +2)
You expend magic power (3 MP) to strengthen your wands.


Message History

You block the 11-headed hydra's attack. The 11-headed hydra bites you.
* * * LOW HITPOINT WARNING * * *
The 11-headed hydra bites you but does no damage. x3
The 11-headed hydra misses you.
The 11-headed hydra bites you but does no damage.
You block the 11-headed hydra's attack.
The 11-headed hydra bites you but does no damage. x2
You block the 11-headed hydra's attack.
The 11-headed hydra completely misses you.
You block the 11-headed hydra's attack.
The 11-headed hydra bites you but does no damage. x3
The 11-headed hydra bites you.
* * * LOW HITPOINT WARNING * * *
The 11-headed hydra bites you.
* * * LOW HITPOINT WARNING * * *
The 11-headed hydra bites you but does no damage.
You block the 11-headed hydra's attack.
The 11-headed hydra bites you but does no damage.
The 11-headed hydra bites you!
You die...

##.#...##.........#....## #####
##.......###............# ##.P#.
##.#.P..........##...#### #.....
#####.#####.......#....#####.....
# ### #######<............... #
##..........###.... ######
#.......#....#P.... .....#
#P......#...###.... ###..#####
#####@...####### #..#.
.........###P#.D.#### #####
###.#.##..##.....#
#.#............# #........#.....#
#####..#.......###
.......#...#...P#
######.###...#.## # #.##...####


You could see a 11-headed hydra.

Vanquished Creatures
  A black mamba (Lair:2)
  4 komodo dragons (Lair:2)
  Sigmund (D:6)
  5 yaks (D:9)
  The ghost of ThereIsNoGod the Cudgeler, an amateur TrFi (D:3)
  A wyvern (D:8)
  A basilisk (Lair:1)
  4 water moccasins (Lair:1)
  4 orc warriors
  2 ice beasts
  7 porcupines
  5 black bears
  4 sky beasts
  An eye of draining (D:9)
  A necrophage (D:7)
  3 ogres
  3 phantoms
  A crocodile (Lair:1)
  7 bullfrogs
  8 gnoll sergeants (Bailey)
  8 scorpions
  3 killer bees (D:6)
  3 wights (D:9)
  3 howler monkeys
  4 crimson imps
  8 human zombies (D:7)
  7 orc priests
  4 hounds
  4 jellies
  A centaur skeleton (D:5)
  13 orc wizards
  4 bullfrog skeletons
  6 gnoll shamans (Bailey)
  2 human skeletons (D:7)
  Natasha (thrice) (D:2)
  3 iguanas (Lair:2)
  5 worker ants
  An ogre zombie (D:7)
  3 hound zombies
  A hound skeleton (D:3)
  2 worker ant zombies
  18 gnolls
  11 adders
  An ooze (D:4)
  2 adder skeletons
  2 worms
  4 dart slugs
  4 leopard geckos
  26 orcs
  3 ball pythons
  4 bats
  9 giant cockroaches
  9 goblins
  5 hobgoblins
  5 quokkas
  3 frilled lizards
  7 kobolds
  A leopard gecko zombie (D:9)
  2 quokka skeletons (D:4)
  4 rats
  A plant (D:8)
273 creatures vanquished.

Vanquished Creatures (others)
  19 fungi (D:8)
  2 plants (D:8)
21 creatures vanquished.

Grand Total: 294 creatures vanquished

Notes
Turn   | Place    | Note
-------+----------+-------------------------------------------
     0 | D:1      | vineage the Gargoyle Fighter began the quest for the Orb.
     0 | D:1      | Reached XP level 1. HP: 14/14 MP: 1/1
    51 | D:1      | Reached skill level 2 in Long Blades
   281 | D:1      | Reached XP level 2. HP: 19/19 MP: 2/2
   484 | D:2      | Reached skill level 3 in Long Blades
   484 | D:2      | Reached XP level 3. HP: 23/23 MP: 3/3
   504 | D:2      | Noticed Natasha
   520 | D:2      | Killed Natasha
   562 | D:2      | Noticed Natasha
   566 | D:2      | Killed Natasha
   566 | D:2      | Reached skill level 4 in Long Blades
   566 | D:2      | Reached XP level 4. HP: 16/28 MP: 4/4
   595 | D:2      | Noticed Natasha
   602 | D:2      | Killed Natasha
   641 | D:2      | Reached XP level 5. HP: 13/32 MP: 5/5
  1084 | D:3      | Noticed ThereIsNoGod's ghost (amateur TrFi)
  1116 | D:3      | Killed ThereIsNoGod's ghost
  1116 | D:3      | Reached skill level 6 in Long Blades
  1116 | D:3      | Reached XP level 6. HP: 11/37 MP: 6/6
  2218 | D:4      | Reached XP level 7. HP: 26/41 MP: 7/7
  2227 | D:4      | Found a shadowy altar of Dithmenos.
  2227 | D:4      | Found a sparkling altar of Nemelex Xobeh.
  2227 | D:4      | Found an iron altar of Okawaru.
  2227 | D:4      | Found an ancient bone altar of Kikubaaqudgha.
  2228 | D:4      | Found a radiant altar of Vehumet.
  2246 | D:4      | Became a worshipper of Warmaster Okawaru
  2327 | D:4      | Reached skill level 7 in Long Blades
  2768 | D:4      | Got a pair of heavily runed boots
  2774 | D:4      | Identified the +0 pair of boots of Curiosity {rF+ Str+3 Dex+4} (You found it on level 4 of the Dungeon)
  3156 | D:5      | Entered Level 5 of the Dungeon
  3286 | D:5      | Reached skill level 8 in Long Blades
  3286 | D:5      | Reached XP level 8. HP: 22/46 MP: 8/8
  4340 | D:5      | Reached skill level 9 in Long Blades
  4530 | D:6      | Noticed Sigmund
  4538 | D:6      | Killed Sigmund
  4538 | D:6      | Reached * piety under Okawaru
  4676 | D:6      | Reached skill level 10 in Long Blades
  4714 | D:6      | Found a staircase to the Ecumenical Temple.
  4816 | D:6      | Found Viab's Antique Armour Boutique.
  4891 | D:6      | Reached XP level 9. HP: 32/51 MP: 9/9
  4898 | D:6      | Bought a crude ring mail for 216 gold pieces
  5238 | D:6      | Identified the +2 ring mail "Diebb" {rF- Dex+4 Slay+4} (You bought it in a shop on level 6 of the Dungeon)
  5281 | D:7      | Found a glowing golden altar of the Shining One.
  5314 | D:7      | Found a burning altar of Makhleb.
  5338 | D:7      | Reached ** piety under Okawaru
  5344 | D:7      | Gained mutation: Your muscles are strong. (Str +2) [mutagenic meat]
  5387 | D:7      | Gained mutation: You are dopey. (Int -2) [mutagenic meat]
  5388 | D:7      | Gained mutation: You passively map a small area around you. [mutagenic meat]
  5389 | D:7      | Gained mutation: You expend magic power (3 MP) to strengthen your wands. [mutagenic meat]
  5568 | D:7      | Reached skill level 11 in Long Blades
  5620 | D:7      | Found an ancient bone altar of Kikubaaqudgha.
  5858 | D:8      | Reached *** piety under Okawaru
  5873 | D:8      | Reached skill level 5 in Shields
  5890 | D:8      | Reached XP level 10. HP: 38/58 MP: 7/10
  5990 | D:8      | Found a staircase to the Lair.
  6145 | D:8      | Gained mutation: You are partially covered in molten scales. (AC +2) [mutagenic meat]
  6147 | D:8      | Gained mutation: You possess an exceptional clarity of mind. [mutagenic meat]
  6149 | D:8      | Lost mutation: You are dopey. (Int -2) [mutagenic meat]
  6187 | D:8      | Reached skill level 12 in Long Blades
  6211 | D:8      | Reached skill level 5 in Fighting
  6346 | D:8      | Received a gift from Okawaru
  6356 | D:8      | Found a deep blue altar of Sif Muna.
  6452 | D:8      | Reached **** piety under Okawaru
  7283 | D:9      | Found a flagged portal.
  7296 | Bailey   | Entered a bailey
  8045 | Bailey   | Got a translucent scale mail
  8056 | Bailey   | Identified the +8 scale mail of Gattifis {Dex+2} (You took it off a gnoll sergeant in a bailey)
  8252 | D:9      | Reached skill level 5 in Armour
  8252 | D:9      | Reached XP level 11. HP: 62/64 MP: 11/11
  8286 | D:9      | Reached ***** piety under Okawaru
  8500 | D:9      | Found a staircase to the Orcish Mines.
  8921 | Lair:1   | Entered Level 1 of the Lair of Beasts
  9563 | Lair:2   | Noticed a six-headed hydra
  9596 | Lair:2   | Received a gift from Okawaru
  9596 | Lair:2   | Reached skill level 13 in Long Blades
  9740 | Lair:1   | HP: 3/99 [11-headed hydra (7)]
 10135 | Lair:1   | HP: 3/66 [11-headed hydra (2)]
 10135 | Lair:1   | Mangled by an 11-headed hydra

Skill      XL: |  1  2  3  4  5  6  7  8  9 10 11 |
---------------+----------------------------------+-----
Long Blades    | 2 3 4 6 8 10 11 12 13 | 13.0
Shields        | 5 7 8 |  8.7
Fighting       | 4 6 |  6.9
Armour         | 5 6 |  6.2

Action                   |  1- 3 |  4- 6 |  7- 9 | 10-12 || total
-------------------------+-------+-------+-------+-------++-------
Melee: Long sword        |    63 |   219 |   532 |   516 ||  1330
       Falchion          |       |       |       |    85 ||    85
Invok: Heroism           |       |       |       |     1 ||     1
       Finesse           |       |       |       |     1 ||     1
  Use: Potion            |       |     5 |     3 |    11 ||    19
       Scroll            |       |     5 |     9 |    10 ||    24
  Eat: Chunk             |       |     5 |    16 |    16 ||    37
       Meat ration       |       |       |       |     1 ||     1
Armor: Scale mail        |    40 |   118 |    13 |   181 ||   352
       Plate armour      |       |       |   169 |       ||   169
       Ring mail         |       |       |    69 |   180 ||   249
Dodge: Dodged            |    17 |    57 |   137 |   245 ||   456
Block: Shield            |    30 |   139 |   289 |   457 ||   915
       Rpst.: Long sword |     7 |    18 |    37 |    41 ||   103
       Falchion          |       |       |       |     8 ||     8
